 Dungeon Crawl Stone Soup version 0.19-a0-1277-g7cecae3 (webtiles) character file.

23196 Geomchi the Stormcaller (level 13, -4/74 HPs)
             Began as a Tengu Air Elementalist on May 30, 2016.
             Was a High Priest of Vehumet.
             Slain by an eight-headed hydra (12 damage)
             ... on level 5 of the Lair of Beasts on Aug 30, 2016.
             The game lasted 00:52:09 (21668 turns).

Geomchi the Stormcaller (Tengu Air Elementalist)   Turns: 21668, Time: 00:52:09

Health: -4/74      AC: 10    Str:  4    XL:     13   Next: 5%
Magic:  5/28       EV: 16    Int: 24    God:    Vehumet [*****.]
Gold:   819        SH:  6    Dex: 19    Spells: 6 memorised, 14 levels left

rFire  . . .     SeeInvis .     j - +2 short sword (elec)
rCold  . . .     Gourm    .     z - +1 leather armour of Ethics {Str-5 Int+5} (curse)
rNeg   . . .     Faith    .     M - +0 buckler (curse)
rPois  .         Spirit   .     (helmet restricted)
rElec  .         Dismiss  .     y - +2 cloak
rCorr  .         Reflect  .     S - +0 pair of gloves
MR     .....     Harm     .     (boots unavailable)
Stlth  ++........               t - amulet of regeneration
                                V - +3 ring of dexterity
                                x - ring of wizardry

@: repel missiles
A: antennae 1, beak, talons 3, yellow scales 1, able to fly 1
a: Fly, Renounce Religion


You were on level 5 of the Lair of Beasts.
You worshipped Vehumet.
Vehumet was extremely pleased with you.
You were hungry.

You visited 3 branches of the dungeon, and saw 17 of its levels.

You collected 940 gold pieces.
You spent 121 gold pieces at shops.

Inventory:

Hand Weapons
 j - a +2 short sword of electrocution (weapon)
 u - a +2 morningstar of draining
Armour
 y - a +2 cloak (worn)
 z - the cursed +1 leather armour of Ethics (worn) {Str-5 Int+5}
   (You found it on level 5 of the Dungeon)

   It affects your strength (-5).
   It affects your intelligence (+5).
   It has a curse placed upon it.
 M - a cursed +0 buckler (worn)
 S - a +0 pair of gloves (worn)
Jewellery
 a - an uncursed ring of wizardry
 t - an amulet of regeneration (around neck)
 x - a ring of wizardry (left hand)
 B - an uncursed amulet of guardian spirit {unknown}
 E - a cursed amulet of inaccuracy {unknown}
 V - a +3 ring of dexterity (right hand)
Wands
 l - a wand of disintegration (8/24)
 D - a wand of iceblast (1/15)
 K - a wand of polymorph (8/24)
Scrolls
 e - 5 scrolls of teleportation
 f - 2 scrolls of enchant weapon
 n - 7 scrolls of remove curse
 o - 2 scrolls of magic mapping
 p - a scroll of fear
 q - 2 scrolls of immolation {unknown}
 r - 2 scrolls of enchant armour {unknown}
 s - 2 scrolls of recharging {unknown}
 w - 5 scrolls of amnesia
 A - 4 scrolls of blinking {unknown}
 H - a scroll of vulnerability {unknown}
 I - a scroll of random uselessness {unknown}
 P - a scroll of brand weapon {unknown}
 W - a scroll of noise {unknown}
 Y - a scroll of torment {unknown}
 Z - a scroll of summoning {unknown}
Potions
 d - 4 potions of lignification
 g - 2 potions of heal wounds
 h - 3 potions of curing
 i - a potion of might
 m - a potion of cure mutation
 v - a potion of cancellation
 G - a potion of magic
 L - a potion of haste {unknown}
 O - a potion of flight {unknown}
 Q - a potion of berserk rage
 T - a potion of agility {unknown}
Books
 b - a book of Air

   Spells                             Type                      Level
   a - Shock                          Conjuration/Air              1
   b - Swiftness                      Charms/Air                   2
   c - Repel Missiles                 Charms/Air                   2
   d - Static Discharge               Conjuration/Air              3
   e - Lightning Bolt                 Conjuration/Air              5
 C - a book of the Tempests

   Spells                             Type                      Level
   a - Static Discharge               Conjuration/Air              3
   b - Lightning Bolt                 Conjuration/Air              5
   c - Fireball                       Conjuration/Fire             5
   d - Tornado                        Air                          9
   e - Shatter                        Earth                        9
 J - a book of Frost

   Spells                             Type                      Level
   a - Freeze                         Ice                          1
   b - Throw Frost                    Conjuration/Ice              2
   c - Ozocubu's Armour               Charms/Ice                   3
   d - Throw Icicle                   Conjuration/Ice              4
   e - Summon Ice Beast               Ice/Summoning                4
 R - a Fen Folio

   Spells                             Type                      Level
   a - Corpse Rot                     Necromancy                   2
   b - Stone Arrow                    Conjuration/Earth            3
   c - Leda's Liquefaction            Hexes/Earth                  4
   d - Summon Forest                  Summoning/Translocation      5
   e - Hydra Form                     Transmutation                6
   f - Summon Hydra                   Summoning                    7
 U - a book of the Warp

   Spells                             Type                      Level
   a - Gell's Gravitas                Hexes/Translocation          3
   b - Force Lance                    Conjuration/Translocation    4
   c - Summon Forest                  Summoning/Translocation      5
   d - Dispersal                      Translocation                6
   e - Controlled Blink               Translocation                8
   f - Disjunction                    Translocation                8
Miscellaneous
 N - a phantom mirror
Comestibles
 c - 12 bread rations {@e1}
 k - 6 meat rations {@e2}
 F - 8 fruits
 X - 2 chunks of flesh {@w0}


   Skills:
 - Level 6.0 Fighting
 - Level 6.9 Dodging
 - Level 2.0 Stealth
 - Level 4.0 Shields
 - Level 10.0 Spellcasting
 - Level 11.0 Conjurations
 + Level 6.8 Fire Magic
 + Level 15.6 Air Magic


You had 14 spell levels left.
You knew the following spells:

 Your Spells              Type           Power        Failure   Level  Hunger
a - Shock                 Conj/Air       ####         1%          1    None
b - Repel Missiles        Chrm/Air       #####.       1%          2    None
c - Static Discharge      Conj/Air       ######..     1%          3    None
d - Swiftness             Chrm/Air       #####...     1%          2    None
f - Fireball              Conj/Fire      ######....   1%          5    ####...
h - Lightning Bolt        Conj/Air       ######....   1%          5    ####...


Dungeon Overview and Level Annotations

Branches:
Dungeon (11/15)            Temple (1/1) D:7            Lair (5/8) D:8
 Shoals (0/4) Lair:3          Orc (0/2) D:9
  Snake: Lair:2-4    Spider: Lair:2-4     Slime: Lair:5-6

Altars:
Ashenzari
Cheibriados
Dithmenos
Elyvilon
Fedhas
Gozag
Hepliaklqana
Kikubaaqudgha
Makhleb
Nemelex Xobeh
Okawaru
Qazlal
Ru
Sif Muna
Trog
Uskayaw
Vehumet
Xom
Yredelemnul
Zin
The Shining One

Shops:
D:4 *   D:5 [!}

Annotations:
D:5 exclusion: sky beast
D:8 1 exclusion
D:9 exclusion: sky beast
D:11 Maud, Maurice


Innate Abilities, Weirdness & Mutations

You have a beak for a mouth.
You have claws for feet.
You can fly.
You have a pair of small antennae on your head.
You are partially covered in yellow scales. (AC +2)


Message History

You feel sick.
You take 1 damage, and have 40/74 hp.
You now have 10/28 mp.
Aim: an eight-headed hydra (severely wounded)
The fireball explodes!
The fireball engulfs the eight-headed hydra.
The fireball engulfs the plant.
You block the eight-headed hydra's attack.
The eight-headed hydra bites you! x2
* * * LOW HITPOINT WARNING * * *
The eight-headed hydra bites you but does no damage. x2
The eight-headed hydra bites you!
* * * LOW HITPOINT WARNING * * *
The eight-headed hydra closely misses you.
The eight-headed hydra bites you but does no damage.
You take 37 damage, and have 3/74 hp.
MASSIVE DAMAGE!!
You now have 5/28 mp.
Okay, then.
Okay, then.
Unknown command.
You feel better. The eight-headed hydra bites you!
You die...

##........#..
#........P... ...
#P..........# ..#
#........# ..##
####P.......# #..P#
#..#P.#...P## ###...P##
#P........## #P......##
##..P..##.## #.D......#
##.........#####@......#
#P......................
##.รท...>...###P.#.......
...........P##......[.#P
...........####.......#
...........# ###.....#
............ #..#.#
.#.......... ##.##
##.P.P.#..# ##


You could see an eight-headed hydra.

Vanquished Creatures
  2 hydras
  2 hill giants (D:10)
  2 griffons (Lair:4)
  6 spiny frogs
  A torpor snail (Lair:5)
  3 black mambas
  4 komodo dragons
  2 ice devils (Lair:3)
  2 rime drakes
  A merfolk (D:9)
  3 trolls
  A polar bear (Lair:3)
  A two-headed ogre (D:8)
  5 blink frogs
  Eustachio (D:5)
  A wyvern (D:9)
  2 basilisks
  19 yaks
  2 humans (D:8)
  A steam dragon (D:8)
  5 hippogriffs
  A hungry ghost (D:9)
  4 water moccasins
  7 porcupines
  2 sky beasts (D:10)
  2 ice beasts
  3 orc warriors
  3 ogres
  A necrophage (D:9)
  2 phantoms
  5 wolves
  3 centaurs
  6 crocodiles
  3 big kobolds
  14 giant frogs
  A wyvern zombie (D:6)
  4 scorpions
  16 killer bees
  5 electric eels
  A howler monkey (D:9)
  2 giant frog zombies
  5 jellies
  5 crimson imps
  A wasp zombie (D:6)
  2 quasits
  2 centaur zombies
  10 hounds
  9 orc priests
  A centaur skeleton (D:11)
  10 orc wizards
  10 iguanas
  6 worker ants
  2 hound skeletons
  13 gnolls
  19 adders
  55 river rats
  2 shadow imps
  2 adder skeletons
  2 adder zombies
  A dart slug (D:1)
  5 giant geckos
  49 orcs
  7 bats
  3 giant cockroaches
  18 goblins
  13 hobgoblins
  11 jackals
  3 quokkas
  A ball python (D:6)
  A giant gecko skeleton (D:6)
  2 giant newts (D:3)
  25 kobolds
  A quokka skeleton (D:5)
  7 rats
  3 fungi
457 creatures vanquished.

Vanquished Creatures (others)
  4 fungi
  A plant (Lair:1)
5 creatures vanquished.

Grand Total: 462 creatures vanquished

Notes
Turn   | Place    | Note
-------+----------+-------------------------------------------
     0 | D:1      | Geomchi the Tengu Air Elementalist began the quest for the Orb.
     0 | D:1      | Reached XP level 1. HP: 10/10 MP: 4/4
   227 | D:1      | Reached XP level 2. HP: 15/15 MP: 3/6
   414 | D:1      | Reached XP level 3. HP: 19/19 MP: 2/7
  1289 | D:2      | Reached XP level 4. HP: 17/24 MP: 3/8
  1418 | D:2      | Learned a level 2 spell: Repel Missiles
  1763 | D:2      | Reached skill level 5 in Air Magic
  2150 | D:2      | Found an oddly glowing altar of Pakellas.
  2459 | D:3      | Gained mutation: You can fly. [Tengu growth]
  2459 | D:3      | Reached XP level 5. HP: 23/28 MP: 3/9
  2464 | D:3      | Learned a level 3 spell: Static Discharge
  2467 | D:3      | Learned a level 2 spell: Swiftness
  2629 | D:3      | Found a faded altar to an unknown god.
  2714 | D:3      | Reached skill level 5 in Conjurations
  2811 | D:3      | Found a basalt altar of Yredelemnul.
  4268 | D:4      | Gained mutation: You have a pair of small antennae on your head. [potion of beneficial mutation]
  4271 | D:4      | Reached XP level 6. HP: 8/32 MP: 0/11
  4878 | D:4      | Reached skill level 6 in Air Magic
  5110 | D:4      | Found a burning altar of Makhleb.
  5221 | D:4      | Found Nantih's Assorted Antiques.
  5230 | D:4      | Reached XP level 7. HP: 36/36 MP: 7/13
  5426 | D:5      | Entered Level 5 of the Dungeon
  5586 | D:5      | Found Doufrot's Antique Armour Shoppe.
  5592 | D:5      | Bought an embroidered cloak for 121 gold pieces
  5608 | D:5      | Reached skill level 7 in Air Magic
  5713 | D:5      | Gained mutation: You are partially covered in yellow scales. (AC +2) [potion of beneficial mutation]
  5867 | D:5      | Found Xieski Boji's Distillery.
  5973 | D:5      | Found Wufiotha's Gadget Shop.
  6006 | D:5      | Got a brightly glowing leather armour
  6017 | D:5      | Identified the cursed +1 leather armour of Ethics {Str-5 Int+5} (You found it on level 5 of the Dungeon)
  6019 | D:5      | Found a shattered altar of Ashenzari.
  6056 | D:5      | Reached skill level 1 in Fighting
  6114 | D:5      | Reached XP level 8. HP: 44/44 MP: 11/15
  6343 | D:5      | Learned a level 5 spell: Lightning Bolt
  6567 | D:5      | Noticed Eustachio
  6578 | D:5      | Killed Eustachio
  7155 | D:6      | Reached skill level 5 in Dodging
  7610 | D:6      | Reached skill level 5 in Fighting
  7651 | D:6      | Reached XP level 9. HP: 54/54 MP: 10/16
  7696 | D:6      | Found an ancient bone altar of Kikubaaqudgha.
  7840 | D:6      | Found a bloodstained altar of Trog.
  8205 | D:6      | Found a shimmering altar of Xom.
  9082 | D:7      | Reached skill level 8 in Air Magic
  9184 | D:7      | Found a staircase to the Ecumenical Temple.
  9215 | Temple   | Entered the Ecumenical Temple
  9305 | Temple   | Became a worshipper of Vehumet
  9409 | D:7      | Found a deep blue altar of Sif Muna.
  9772 | D:7      | Reached skill level 5 in Spellcasting
 10517 | D:8      | Noticed a troll
 10517 | D:8      | Noticed a two-headed ogre
 10681 | D:8      | Found an ancient bone altar of Kikubaaqudgha.
 10751 | D:8      | Reached XP level 10. HP: 59/60 MP: 7/19
 10751 | D:8      | Reached skill level 9 in Air Magic
 10762 | D:8      | Reached * piety under Vehumet
 10762 | D:8      | Offered knowledge of Freeze by Vehumet.
 11425 | D:9      | Reached skill level 10 in Air Magic
 11484 | D:9      | Found a blossoming altar of Fedhas.
 11573 | D:9      | Noticed an angel
 11573 | D:9      | Found a glowing silver altar of Zin.
 11573 | D:9      | Found a shimmering altar of Xom.
 11612 | D:9      | Reached skill level 10 in Conjurations
 11743 | D:9      | Upgraded the game from 0.19-a0-379-ge33ada3 to 0.19-a0-462-g6140235
 12006 | D:9      | Found a staircase to the Orcish Mines.
 13030 | D:10     | Entered Level 10 of the Dungeon
 13086 | D:10     | Reached ** piety under Vehumet
 13139 | D:10     | Offered knowledge of Sandblast by Vehumet.
 13143 | D:10     | Reached XP level 11. HP: 53/64 MP: 13/22
 13144 | D:10     | Reached skill level 11 in Air Magic
 13257 | D:10     | Noticed a hill giant
 13367 | D:10     | Killed a hill giant
 13723 | D:10     | Noticed a hill giant
 13727 | D:10     | Killed a hill giant
 13727 | D:10     | Reached skill level 1 in Shields
 14376 | D:11     | Noticed Maud
 14386 | D:11     | Offered knowledge of Inner Flame by Vehumet.
 14877 | D:11     | Reached *** piety under Vehumet
 14887 | D:11     | Noticed Maurice
 14911 | D:11     | Noticed a purple ugly thing
 15476 | D:8      | Learned a level 5 spell: Fireball
 15502 | D:8      | Found a staircase to the Lair.
 15772 | D:8      | Offered knowledge of Mephitic Cloud by Vehumet.
 15874 | D:8      | Found an iron altar of Okawaru.
 15952 | Lair:1   | Entered Level 1 of the Lair of Beasts
 15953 | Lair:1   | Upgraded the game from 0.19-a0-462-g6140235 to 0.19-a0-1041-g82b1012
 16025 | Lair:1   | Found a dark tunnel.
 16074 | Lair:1   | Reached skill level 12 in Air Magic
 16435 | D:8      | Upgraded the game from 0.19-a0-1041-g82b1012 to 0.19-a0-1277-g7cecae3
 17307 | Lair:2   | Reached **** piety under Vehumet
 17567 | Lair:2   | Offered knowledge of Olgreb's Toxic Radiance by Vehumet.
 18143 | Lair:3   | Reached skill level 13 in Air Magic
 18249 | Lair:2   | Reached XP level 12. HP: 58/70 MP: 14/26
 18637 | Lair:3   | Reached skill level 10 in Spellcasting
 18941 | Lair:3   | Reached skill level 1 in Fire Magic
 18941 | Lair:3   | Reached skill level 14 in Air Magic
 18941 | Lair:3   | Reached ***** piety under Vehumet
 18943 | Lair:3   | Offered knowledge of Poisonous Cloud by Vehumet.
 19088 | Lair:3   | Noticed a six-headed hydra
 19097 | Lair:3   | Killed a six-headed hydra
 19391 | Lair:3   | Found a staircase to the Shoals.
 20370 | Lair:4   | Reached skill level 5 in Fire Magic
 20441 | Lair:4   | Reached skill level 15 in Air Magic
 21138 | Lair:5   | Noticed a seven-headed hydra
 21146 | Lair:5   | Killed a seven-headed hydra
 21390 | Lair:5   | Reached XP level 13. HP: 56/74 MP: 8/28
 21667 | Lair:5   | HP: 3/74 [eight-headed hydra (16)]
 21668 | Lair:5   | Slain by an eight-headed hydra

Vault maps used:
D:1:      roderic_dead_forest
D:2:      marbit_many_paths
D:3:      yredelemnul_altar_generic, ecumenical_altar_2,
          serial_co_window_serial, co_window_corner_a, co_window_corner_a,
          co_window_paths_b, co_window_cross_1, co_window_of_opportunity_a,
          co_window_paths_a, co_window_of_opportunity_a, co_window_paths_a,
          co_window_of_opportunity_a, co_window_broadway_b,
          co_window_unsneaky_path_a, co_window_unsneaky_path_a,
          co_window_paths_c, co_window_corner_cb, co_window_4corner_b
D:4:      makhleb_blood_cavern_becter, first_bread, serial_shops,
          nicolae_shop_stone, st_stairs_5
D:5:      ashenzari_altar_1, serial_shops, shop, shop, kennysheep_little_box,
          uniq_eustachio
D:6:      lemuel_coloured_pillars_altar, overflow_temple_1_default,
          chequers_ossuary_entry_cave, minmay_misc_feat_enclosed, tgw_xom
D:7:      led_sif_book, minmay_temple_entry_junction
D:8:      okawaru_humans, erik_lair_island, basic_altar
D:9:      grunt_temple_overflow_order_and_chaos_1, david_orc_3,
          hangedman_fish_farm, minivault_27, fedhas_altar_2
D:10:     minmay_misc_feat_tower
D:11:     lightli_bailey_entry_fortress, serial_co_window_serial,
          co_window_corner_a, co_window_of_opportunity_a, co_window_corner_a,
          co_window_cross_1, co_window_paths_a, co_window_of_opportunity_a,
          co_window_broadway_b, co_window_cross_3, co_window_broadway_b,
          co_window_4corner_b, glass_columns_b, glass_columns_a,
          glass_columns_b, gammafunk_pakellas_spire_experiment, uniq_maud,
          uniq_maurice
Temple:   circular_temple_12
Lair:1:   nicolae_volcano_entry_s_turn
Lair:2:   lab_entry_generic
Lair:3:   shoals_dummy_entry, portal_ice_cave_demonic_guard, wad_woods_river_03
Lair:4:   grunt_megastairs_3
Lair:5:   spider_nest_entry_web_field

Skill      XL: |  1  2  3  4  5  6  7  8  9 10 11 12 |
---------------+-------------------------------------+-----
Conjurations   | 3 4 5 6 7 8 11 | 11.0
Air Magic      | 5 6 7 8 10 13 15 | 15.6
Spellcasting   | 3 4 5 7 9 10 | 10.0
Fighting       | 1 5 6 |  6.0
Dodging        | 3 5 6 |  6.9
Shields        | 4 |  4.0
Fire Magic     | 6 |  6.8
Stealth        | |  2.0

Action                   |  1- 3 |  4- 6 |  7- 9 | 10-12 | 13-15 || total
-------------------------+-------+-------+-------+-------+-------++-------
Melee: Short sword       |     8 |     9 |    37 |   122 |       ||   176
       Kick              |     1 |     3 |     8 |    24 |       ||    36
       Peck              |     1 |       |     5 |    23 |       ||    29
 Cast: Shock             |    57 |   152 |   382 |   716 |    23 ||  1330
       Repel Missiles    |       |     2 |     3 |     1 |       ||     6
       Static Discharge  |       |     1 |     3 |    11 |       ||    15
       Lightning Bolt    |       |       |     9 |    71 |     2 ||    82
       Fireball          |       |       |       |    34 |     4 ||    38
 Abil: Fly               |       |       |       |     2 |       ||     2
Evoke: Wand              |       |       |       |     2 |       ||     2
  Use: Potion            |       |     2 |     2 |     1 |     1 ||     6
       Scroll            |       |       |       |    16 |       ||    16
 Stab: Sleeping          |       |       |       |     1 |       ||     1
  Eat: Chunk             |     2 |    10 |    16 |    38 |     2 ||    68
       Meat ration       |       |     1 |       |     1 |       ||     2
       Beef jerky        |       |       |     2 |     5 |       ||     7
       Fruit             |       |       |       |     3 |       ||     3
Armor: Robe              |     3 |     3 |     4 |       |       ||    10
       Leather armour    |       |       |    50 |   111 |     4 ||   165
Dodge: Dodged            |    13 |    18 |   136 |   276 |     5 ||   448
       Deflected         |       |     4 |     9 |       |       ||    13
Block: Buckler           |       |       |       |    79 |     6 ||    85
